TOP OF THE 1ST |
---|
Oregon Ducks batting - Pitching for Clemson Tigers : RHP Bob Jordan | Pitching: RHP Bob Jordan | | Batting: RHB Robin Mitchell | 0-0: Foul Ball, location: 2F 0-1: Ball 1-1: Called Strike 1-2: Ball 2-2: Ground out 5-3 (Groundball, 5) | Batting: RHB Greg Huggins | 0-0: Ground out 5-3 (Groundball, 56S) | Batting: SHB Martin Goodwin | 0-0: Ball 1-0: Foul Ball, location: 2F 1-1: Ball 2-1: Ball 3-1: Base on Balls | Batting: RHB Diego Molina | 0-0: Called Strike 0-1: Ball 1-1: SINGLE (Groundball, 56D) Martin Goodwin to second | Batting: LHB Kay Hennessey | 0-0: Called Strike 0-1: Ball 1-1: Ball 2-1: Ground out 4-3 (Groundball, 4M) | Top of the 1st over - 0 runs, 1 hit, 0 errors, 2 left on base; Oregon 0 - Clemson 0 | BOTTOM OF THE 1ST |
---|
Clemson Tigers batting - Pitching for Oregon Ducks : RHP Vincente Ferreira | Pitching: RHP Vincente Ferreira | | Batting: LHB Dan Dukes | 0-0: Called Strike 0-1: Ground out 6-3 (Groundball, 6) | Batting: RHB Blair Charnock | 0-0: Called Strike 0-1: Foul Ball, location: 2F 0-2: Strikes out swinging | Batting: LHB Pedro Robolledo | 0-0: Fly out, F8 (Flyball, 8LD) | Bottom of the 1st over - 0 runs, 0 hits, 0 errors, 0 left on base; Oregon 0 - Clemson 0 | TOP OF THE 2ND |
---|
Oregon Ducks batting - Pitching for Clemson Tigers : RHP Bob Jordan | Batting: RHB Scott Elliott | 0-0: Ball 1-0: SINGLE (Groundball, 6MD) | Batting: RHB Ed Hines | 0-0: Ball 1-0: Ball 2-0: Ball Wild Pitch! Scott Elliott to second 3-0: Base on Balls | Batting: RHB Tim Smith | 0-0: Swinging Strike 0-1: Ball 1-1: Ball 2-1: Ball 3-1: Base on Balls Scott Elliott to third Ed Hines to second | Batting: LHB Jerry López | 0-0: Called Strike 0-1: Foul Ball, location: 2F 0-2: Ball 1-2: Ball 2-2: Strikes out swinging | Batting: RHB Robin Mitchell | 0-0: Ball 1-0: SINGLE (Groundball, 4M) (infield hit) Scott Elliott scores Ed Hines to third Tim Smith to second | Batting: RHB Greg Huggins | 0-0: Called Strike 0-1: Ball 1-1: Swinging Strike 1-2: Grounds into double play, 6-4-3 (Groundball, 6) | Top of the 2nd over - 1 run, 2 hits, 0 errors, 2 left on base; Oregon 1 - Clemson 0 | BOTTOM OF THE 2ND |
---|
Clemson Tigers batting - Pitching for Oregon Ducks : RHP Vincente Ferreira | Batting: SHB Ken Hall | 0-0: Ball 1-0: Ball 2-0: Ball 3-0: Base on Balls | Batting: LHB Jack Heinsohn | 0-0: Ball 1-0: Called Strike 1-1: Swinging Strike 1-2: Foul Ball, location: 2F 1-2: Strikes out looking | Batting: RHB Matt Blanton | 0-0: Foul Ball, location: 2F 0-1: Swinging Strike 0-2: Strikes out looking | Batting: RHB António Delgado | 0-0: Called Strike Ken Hall is caught stealing 2nd base | Bottom of the 2nd over - 0 runs, 0 hits, 0 errors, 0 left on base; Oregon 1 - Clemson 0 | TOP OF THE 3RD |
---|
Oregon Ducks batting - Pitching for Clemson Tigers : RHP Bob Jordan | Batting: SHB Martin Goodwin | 0-0: SINGLE (Flyball, 8RS) | Batting: RHB Diego Molina | 0-0: Called Strike 0-1: Ball 1-1: Foul Ball, location: 2F 1-2: Ball 2-2: Strikes out swinging | Batting: LHB Kay Hennessey | 0-0: Called Strike 0-1: Swinging Strike 0-2: Strikes out swinging | Batting: RHB Scott Elliott | 0-0: Called Strike 0-1: Ball 1-1: Called Strike 1-2: Foul Ball, location: 2F 1-2: SINGLE (Groundball, 56D) Martin Goodwin to second | Batting: RHB Ed Hines | 0-0: Foul Ball, location: 2F 0-1: Foul Ball, location: 2F 0-2: Ball 1-2: Ball 2-2: DOUBLE (Line Drive, 3D) Martin Goodwin scores Scott Elliott to third Runner from 3rd tries for Home, SAFE, no throw | Batting: RHB Tim Smith | 0-0: Fly out, F7 (Flyball, 7) | Top of the 3rd over - 2 runs, 3 hits, 0 errors, 1 left on base; Oregon 3 - Clemson 0 | BOTTOM OF THE 3RD |
---|
Clemson Tigers batting - Pitching for Oregon Ducks : RHP Vincente Ferreira | Batting: RHB António Delgado | 0-0: Ball 1-0: Swinging Strike 1-1: Ball 2-1: Ball 3-1: Base on Balls | Batting: RHB Ricardo Medellín | 0-0: Swinging Strike 0-1: Swinging Strike Passed Ball! António Delgado to second 0-2: Strikes out swinging | Batting: RHB Zach O'Kelly | 0-0: Foul Ball, location: 2F 0-1: SINGLE (Groundball, 56D) António Delgado to third | Batting: LHB Dan Dukes | 0-0: Fly out, F6 (Line Drive, 6) | Batting: RHB Blair Charnock | 0-0: Ball 1-0: Foul Ball, location: 2F 1-1: Ball 2-1: Fly out, F9 (Flyball, 9S) | Bottom of the 3rd over - 0 runs, 1 hit, 0 errors, 2 left on base; Oregon 3 - Clemson 0 | TOP OF THE 4TH |
---|
Oregon Ducks batting - Pitching for Clemson Tigers : RHP Bob Jordan | Batting: LHB Jerry López | 0-0: Ball 1-0: Foul Ball, location: 2F 1-1: Foul Ball, location: 2F 1-2: Ball 2-2: Strikes out looking | Batting: RHB Robin Mitchell | 0-0: Swinging Strike 0-1: Foul Ball, location: 2F 0-2: Ball 1-2: DOUBLE (Line Drive, 8RD) | Batting: RHB Greg Huggins | 0-0: Ball 1-0: Ball Robin Mitchell steals 3rd base 2-0: Ball 3-0: Base on Balls | Batting: SHB Martin Goodwin | 0-0: Ball 1-0: Called Strike 1-1: Foul Ball, location: 2F 1-2: Ball 2-2: Foul Ball, location: 2F 2-2: Ball 3-2: Foul Ball, location: 2F 3-2: SINGLE (Groundball, 34D) Robin Mitchell scores Greg Huggins to second | Pitching: RHP Rick Halterman | | Batting: RHB Diego Molina | 0-0: Foul Ball, location: 2F 0-1: Fly out, F9 (Flyball, 9LM) | Batting: LHB Kay Hennessey | 0-0: Called Strike 0-1: Ball 1-1: SINGLE (Groundball, 4MD) Greg Huggins to third Martin Goodwin to second Runner from 3rd tries for Home, SAFE, no throw | Batting: RHB Scott Elliott | 0-0: Ball 1-0: Ball 2-0: Swinging Strike 2-1: Ball 3-1: Called Strike 3-2: Base on Balls Martin Goodwin to third Kay Hennessey to second | Batting: RHB Ed Hines | 0-0: Ball 1-0: Ball Wild Pitch! Martin Goodwin scores Kay Hennessey to third Scott Elliott to second 2-0: Foul Ball, location: 2F 2-1: Ball 3-1: Foul Ball, location: 2F 3-2: Base on Balls | Batting: RHB Tim Smith | 0-0: Ball 1-0: Ball 2-0: Ball 3-0: Called Strike 3-1: Base on Balls Kay Hennessey scores Scott Elliott to third Ed Hines to second | Batting: LHB Jerry López | 0-0: Ball 1-0: Foul Ball, location: 2F 1-1: Called Strike 1-2: Foul Ball, location: 2F 1-2: Ground out 3-1 (Groundball, 34) | Top of the 4th over - 4 runs, 3 hits, 0 errors, 3 left on base; Oregon 7 - Clemson 0 | BOTTOM OF THE 4TH |
---|
Clemson Tigers batting - Pitching for Oregon Ducks : RHP Vincente Ferreira | Batting: LHB Pedro Robolledo | 0-0: Ball 1-0: Fly out, F4 (Line Drive, 4M) | Batting: SHB Ken Hall | 0-0: Ball 1-0: Called Strike 1-1: Called Strike 1-2: Strikes out looking | Batting: LHB Jack Heinsohn | 0-0: Called Strike 0-1: Ball 1-1: Swinging Strike 1-2: Strikes out swinging | Bottom of the 4th over - 0 runs, 0 hits, 0 errors, 0 left on base; Oregon 7 - Clemson 0 | TOP OF THE 5TH |
---|
Oregon Ducks batting - Pitching for Clemson Tigers : RHP Rick Halterman | Batting: RHB Robin Mitchell | 0-0: Called Strike 0-1: Swinging Strike 0-2: Ball 1-2: Fly out, F9 (Flyball, 89D) | Batting: RHB Greg Huggins | 0-0: Called Strike 0-1: Ground out 4-3 (Groundball, 34) | Batting: SHB Martin Goodwin | 0-0: Foul Ball, location: 2F 0-1: Swinging Strike 0-2: Ball 1-2: Ball 2-2: Ball 3-2: SINGLE (Line Drive, 34) | Batting: RHB Diego Molina | 0-0: Swinging Strike 0-1: Called Strike 0-2: Foul Ball, location: 2F 0-2: Ball 1-2: Ball 2-2: Ball 3-2: Foul Ball, location: 2F 3-2: Strikes out looking | Top of the 5th over - 0 runs, 1 hit, 0 errors, 1 left on base; Oregon 7 - Clemson 0 | BOTTOM OF THE 5TH |
---|
Clemson Tigers batting - Pitching for Oregon Ducks : RHP Vincente Ferreira | Batting: RHB Matt Blanton | 0-0: SINGLE (Line Drive, 7LS) | Batting: RHB António Delgado | 0-0: SINGLE (Line Drive, 6) Matt Blanton to second | Batting: RHB Ricardo Medellín | 0-0: Called Strike 0-1: Foul Ball, location: 2F 0-2: Foul Ball, location: 2F 0-2: Ball 1-2: Ball 2-2: Strikes out swinging | Batting: RHB Zach O'Kelly | 0-0: Ball 1-0: Ball 2-0: Ball 3-0: DOUBLE (Line Drive, 9LS) Matt Blanton scores António Delgado to third | Batting: LHB Dan Dukes | 0-0: Foul Ball, location: 2F 0-1: SINGLE (Line Drive, 6M) António Delgado scores Zach O'Kelly to third | Batting: RHB Blair Charnock | 0-0: Swinging Strike 0-1: Swinging Strike 0-2: Fly out, F9 (Flyball, 89S) | Batting: LHB Pedro Robolledo | 0-0: Ball 1-0: Called Strike 1-1: Ball 2-1: Foul Ball, location: 2F 2-2: Strikes out swinging | Bottom of the 5th over - 2 runs, 4 hits, 0 errors, 2 left on base; Oregon 7 - Clemson 2 | TOP OF THE 6TH |
---|
Oregon Ducks batting - Pitching for Clemson Tigers : RHP Rick Halterman | Batting: LHB Kay Hennessey | 0-0: Foul Ball, location: 2F 0-1: Swinging Strike 0-2: Ball 1-2: Strikes out looking | Batting: RHB Scott Elliott | 0-0: Ball 1-0: Called Strike 1-1: Ball 2-1: SINGLE (Groundball, 56D) | Batting: RHB Ed Hines | 0-0: Called Strike 0-1: Ball 1-1: Ball 2-1: Ball 3-1: Base on Balls Scott Elliott to second | Pitching: LHP Eric Howard | | Batting: RHB Tim Smith | 0-0: Ball 1-0: Called Strike 1-1: Ball 2-1: Ball 3-1: Swinging Strike 3-2: Strikes out swinging | Batting: LHB Jerry López | 0-0: Ball 1-0: Ball 2-0: Swinging Strike 2-1: Fly out, F5 (Popup, 56) | Top of the 6th over - 0 runs, 1 hit, 0 errors, 2 left on base; Oregon 7 - Clemson 2 | BOTTOM OF THE 6TH |
---|
Clemson Tigers batting - Pitching for Oregon Ducks : RHP Vincente Ferreira | Batting: SHB Ken Hall | 0-0: DOUBLE (Line Drive, 8LXD) | Pitching: RHP Steve Holden | | Batting: LHB Jack Heinsohn | 0-0: Called Strike 0-1: Foul Ball, location: 2F 0-2: Strikes out swinging | Batting: RHB Matt Blanton | 0-0: Ball 1-0: Called Strike 1-1: Swinging Strike 1-2: Ball 2-2: Ball 3-2: Base on Balls | Batting: RHB António Delgado | 0-0: Reached on error, E5 (Groundball, 56) Ken Hall to third Matt Blanton to second | Batting: RHB Ricardo Medellín | 0-0: Ball 1-0: Ball 2-0: Ball 3-0: Called Strike 3-1: Foul Ball, location: 2F 3-2: Foul Ball, location: 2F 3-2: Strikes out swinging | Batting: RHB Zach O'Kelly | 0-0: Ball 1-0: Ball 2-0: Called Strike 2-1: Ball 3-1: Ground out 1-3 (Groundball, 13) | Bottom of the 6th over - 0 runs, 1 hit, 1 error, 3 left on base; Oregon 7 - Clemson 2 | TOP OF THE 7TH |
---|
Oregon Ducks batting - Pitching for Clemson Tigers : LHP Eric Howard | Batting: RHB Robin Mitchell | 0-0: Called Strike 0-1: Called Strike 0-2: Foul Ball, location: 2F 0-2: Ball 1-2: Foul Ball, location: 2F 1-2: Foul Ball, location: 2F 1-2: Ball 2-2: Ground out 5-3 (Groundball, 56) | Batting: RHB Greg Huggins | 0-0: Called Strike 0-1: Foul Ball, location: 2F 0-2: Foul Ball, location: 2F 0-2: Ball 1-2: Ball 2-2: Ball 3-2: Strikes out swinging | Batting: SHB Martin Goodwin | 0-0: Called Strike 0-1: Ball 1-1: Ball 2-1: Called Strike 2-2: Foul Ball, location: 2F 2-2: Strikes out swinging | Top of the 7th over - 0 runs, 0 hits, 0 errors, 0 left on base; Oregon 7 - Clemson 2 | BOTTOM OF THE 7TH |
---|
Clemson Tigers batting - Pitching for Oregon Ducks : RHP Steve Holden | Batting: LHB Dan Dukes | 0-0: Called Strike 0-1: Hit by Pitch | Batting: RHB Blair Charnock | 0-0: Ball 1-0: SINGLE (Groundball, 56D) Dan Dukes to second | Batting: LHB Pedro Robolledo | 0-0: Ball 1-0: Called Strike 1-1: Swinging Strike 1-2: Strikes out swinging | Batting: SHB Ken Hall | 0-0: Foul Ball, location: 2F 0-1: Fly out, F9 (Flyball, 89S) | Batting: LHB Jack Heinsohn | 0-0: Ball 1-0: Fly out, F9 (Flyball, 89M) | Bottom of the 7th over - 0 runs, 1 hit, 0 errors, 2 left on base; Oregon 7 - Clemson 2 | TOP OF THE 8TH |
---|
Oregon Ducks batting - Pitching for Clemson Tigers : LHP Eric Howard | Batting: RHB Diego Molina | 0-0: Called Strike 0-1: Ball 1-1: Called Strike 1-2: Ball 2-2: Ball 3-2: Fly out, F7 (Flyball, 7LS) | Batting: LHB Kay Hennessey | 0-0: Ball 1-0: Ground out U3 (Groundball, 3) | Batting: RHB Scott Elliott | 0-0: Foul Ball, location: 2F 0-1: Called Strike 0-2: Ball 1-2: Ground out 6-3 (Groundball, 6) | Top of the 8th over - 0 runs, 0 hits, 0 errors, 0 left on base; Oregon 7 - Clemson 2 | BOTTOM OF THE 8TH |
---|
Clemson Tigers batting - Pitching for Oregon Ducks : RHP Steve Holden | Batting: RHB Matt Blanton | 0-0: Called Strike 0-1: Called Strike 0-2: Ball 1-2: Foul Ball, location: 2F 1-2: Ball 2-2: Foul Ball, location: 2F 2-2: SINGLE (Groundball, 6D) | Batting: RHB António Delgado | 0-0: Swinging Strike 0-1: Ball 1-1: Foul Ball, location: 2F 1-2: Foul Ball, location: 2F 1-2: Strikes out looking | Batting: RHB Ricardo Medellín | 0-0: Swinging Strike 0-1: Swinging Strike 0-2: Foul Ball, location: 2F 0-2: Ball 1-2: Foul Ball, location: 2F 1-2: Strikes out swinging | Batting: RHB Zach O'Kelly | 0-0: Called Strike 0-1: Ball 1-1: Swinging Strike 1-2: Ball 2-2: Strikes out swinging | Bottom of the 8th over - 0 runs, 1 hit, 0 errors, 1 left on base; Oregon 7 - Clemson 2 | TOP OF THE 9TH |
---|
Oregon Ducks batting - Pitching for Clemson Tigers : LHP Eric Howard | Batting: RHB Ed Hines | 0-0: Ball 1-0: Foul Ball, location: 2F 1-1: Ball 2-1: Called Strike 2-2: Fly out, F5 (Line Drive, 5) | Batting: RHB Tim Smith | 0-0: Fly out, F8 (Flyball, 8LD) | Batting: LHB Jerry López | 0-0: Called Strike 0-1: Ball 1-1: Ball 2-1: Called Strike 2-2: Foul Ball, location: 2F 2-2: Ball 3-2: Base on Balls | Pitching: RHP José Sánchez | | Batting: RHB Robin Mitchell | 0-0: Ball 1-0: Ball 2-0: Called Strike 2-1: Foul Ball, location: 2F 2-2: Strikes out swinging | Top of the 9th over - 0 runs, 0 hits, 0 errors, 1 left on base; Oregon 7 - Clemson 2 | BOTTOM OF THE 9TH |
---|
Clemson Tigers batting - Pitching for Oregon Ducks : RHP Steve Holden | Now at 1B: Jason Wheeler | | Batting: LHB Dan Dukes | 0-0: Called Strike 0-1: Swinging Strike 0-2: Ground out 6-3 (Groundball, 6S) | Batting: RHB Blair Charnock | 0-0: Called Strike 0-1: Ball 1-1: Ball 2-1: SINGLE (Flyball, 9S) | Batting: LHB Pedro Robolledo | 0-0: Ball 1-0: Ground out U3 (Groundball, 34) Blair Charnock to second | Batting: SHB Ken Hall | 0-0: Called Strike 0-1: Ground out 1-3 (Groundball, 15) | Bottom of the 9th over - 0 runs, 1 hit, 0 errors, 1 left on base; Oregon 7 - Clemson 2 | |